 Dungeon Crawl Stone Soup version 0.29-a0-668-g12ee2bf84d (webtiles) character file.

Game seed: 7105555112793025244

2107 DocClef the Shield-Bearer (level 9, -2/74 HPs)
             Began as a Gnoll Fighter on June 23, 2022.
             Was a Follower of Okawaru.
             Slain by a killer bee (7 damage)
             ... on level 4 of the Dungeon.
             The game lasted 00:09:42 (7519 turns).

DocClef the Shield-Bearer (Gnoll Fighter)           Turns: 7519, Time: 00:09:43

Health: -2/74      AC: 11    Str: 20    XL:     9   Next: 28%
Magic:  15/15      EV: 10    Int: 13    God:    Okawaru [*.....]
Gold:   288        SH:  7    Dex:  7    Spells: 16/16 levels left

rFire   . . .      SeeInvis .   a - +1 flail
rCold   + + .      Faith    .   j - +2 buckler of Rakuq {rC++ Int+5 Dex-4}
rNeg    . . .      Spirit   .   b - +0 scale mail
rPois   .          Reflect  .   k - +0 helmet
rElec   .          Harm     .   n - +1 cloak
rCorr   .          Rampage  .   (no gloves)
Will    .....                   (no boots)
Stlth   +.........              (no amulet)
HPRegen 0.22/turn               (no ring)
MPRegen 0.14/turn               (no ring)

@: no status effects
A: fangs 1, strong nose, distributed training
a: Renounce Religion, Heroism


You were on level 4 of the Dungeon.
You worshipped Okawaru.
Okawaru was aware of your devotion.
You visited 2 branches of the dungeon, and saw 7 of its levels.
You also visited: Ossuary.

You collected 288 gold pieces.

Inventory:

Hand Weapons
 a - a +1 flail (weapon)
Armour
 b - a +0 scale mail (worn)
 c - a +0 buckler
 j - the +2 buckler of Rakuq (worn) {rC++ Int+5 Dex-4}
   (You acquired it in an ossuary)

   Int:       It affects your intelligence (+5).
   Dex:       It affects your dexterity (-4).
   rC:        It greatly protects you from cold.
 k - a +0 helmet (worn)
 n - a +1 cloak (worn)
 y - a +2 leather armour of fire resistance
Jewellery
 i - a ring of willpower
 z - a ring of ice
Wands
 o - a wand of iceblast (4)
 x - a wand of flame (19)
Scrolls
 f - 3 scrolls of teleportation
 h - 6 scrolls of identify
 r - 2 scrolls of blinking
 s - a scroll of magic mapping
 t - a scroll of summoning
Potions
 g - 3 potions of magic
 l - 2 potions of degeneration
 m - a potion of brilliance
 v - a potion of might
 w - a potion of curing


   Skills:
 + Level 7.8 Fighting
 + Level 4.1 Short Blades
 + Level 4.1 Long Blades
 + Level 4.1 Axes
 + Level 6.2 Maces & Flails
 + Level 4.1 Polearms
 + Level 4.1 Staves
 + Level 4.1 Slings
 + Level 4.1 Bows
 + Level 4.1 Crossbows
 + Level 4.1 Throwing
 + Level 7.8 Armour
 + Level 4.1 Dodging
 + Level 4.1 Stealth
 + Level 7.8 Shields
 + Level 4.1 Unarmed Combat
 + Level 4.1 Spellcasting
 + Level 3.3 Conjurations
 + Level 3.3 Hexes
 + Level 3.3 Summonings
 + Level 3.3 Necromancy
 + Level 3.3 Translocations
 + Level 3.3 Transmutations
 + Level 3.3 Fire Magic
 + Level 3.3 Ice Magic
 + Level 3.3 Air Magic
 + Level 3.3 Earth Magic
 + Level 3.3 Poison Magic
 + Level 4.5 Invocations
 + Level 4.1 Evocations


You had 16 spell levels left.
You didn't know any spells.
Your spell library contained the following spells:

 Spells                   Type           Power      Damage    Failure   Level
 Slow                     Hex            44%        N/A       16%         1
 Scorch                   Fire           22%        2d6       24%         2
 Confusing Touch          Hex            11%        N/A       43%         3
 Gell's Gravitas          Tloc           11%        N/A       43%         3
 Teleport Other           Tloc           11%        N/A       43%         3
 Vampiric Draining        Necr           11%        2d6       43%         3
 Flame Wave               Conj/Fire      11%        2d5       85%         4
 Dispersal                Tloc           5%         N/A       100%        6
 Summon Cactus Giant      Summ           Unusable   N/A       N/A         6

Dungeon Overview and Level Annotations

Branches:
Dungeon (6/15)             Temple (1/1) D:5         Ossuary (visited)

Altars:
Ashenzari
Cheibriados
Dithmenos
Elyvilon
Gozag
Hepliaklqana
Kikubaaqudgha
Makhleb
Okawaru
Qazlal
Sif Muna
Trog
Vehumet
Xom
Yredelemnul
Zin

Shops:
D:1 [

Annotations:
D:4 1 runed translucent door, xian's ghost, amateur DsFi


Innate Abilities, Weirdness & Mutations

You have very sharp teeth.
Your uncanny sense of smell can sniff out nearby items.
Your experience applies equally to all skills.


Message History

The killer bee is severely wounded.
The killer bee stings you but does no damage.
The killer bee closely misses you. The killer bee barely misses you.
You miss the killer bee.
The killer bee is severely wounded.
You block the killer bee's attack. The killer bee completely misses you.
You closely miss the killer bee. Your bite misses the killer bee.
The killer bee is severely wounded.
You block the killer bee's attack.
The killer bee stings you but does no damage.
You miss the killer bee.
The killer bee is severely wounded.
The killer bee stings you but does no damage.
The killer bee closely misses you. The killer bee barely misses you.
You thump the killer bee!
You kill the killer bee!
Okawaru accepts your kill.
You can now gain great but temporary skills.
You block the killer bee's attack.
Your life force feels restored.
You miss the killer bee. You block the killer bee's attack.
The killer bee closely misses you.
You sock the killer bee!
The killer bee is heavily wounded.
The killer bee barely misses you.
The killer bee stings you but does no damage. x2
You sock the killer bee!
You kill the killer bee!
Okawaru accepts your kill. The killer bee barely misses you.
You closely miss the killer bee. You block the killer bee's attack.
The killer bee stings you but does no damage.
You sock the killer bee!
The killer bee is moderately wounded.
The killer bee barely misses you. You block the killer bee's attack.
You closely miss the killer bee.
The killer bee is moderately wounded.
The killer bee stings you but does no damage.
The killer bee stings you!
You die...

#.#.#.......#
#.###.##.######.
....#.......## ###.#
#........###
..###........# #...#
#######..### ###
#######..# #.### ##..##
# #..###.# #...# #
##......# ##### ##...
##....#### #...# ##.#
#..#.>.#####...# #..
####.####.y@......# ##)
#....# #.#####...# ##
######.#######.###.....#
#
.......#####.......#...#
#
.###.........##...##...#
## #.........####.######
#......[..# #..)####
#.........#
###....######### #
###########
###..........#


You could see a killer bee.

Vanquished Creatures
  Grinder (D:4)
  Sigmund (D:3)
  Eustachio (D:5)
  An ice beast (D:5)
  A water moccasin (D:5)
  A sky beast (D:6)
  A black bear (D:4)
  A phantom (D:4)
  A necrophage (D:5)
  A scorpion (D:5)
  5 wights (D:6)
  2 killer bees (D:4)
  2 hounds
  A jelly (D:4)
  An orc priest (D:5)
  Jessica (D:2)
  An iguana (D:4)
  5 orc wizards
  13 mummies (Ossuary)
  3 gnolls (D:5)
  6 adders
  A shadow imp (D:5)
  2 worms (D:3)
  4 dart slugs
  13 orcs
  2 ball pythons
  9 endoplasms
  2 giant cockroaches
  8 goblins
  9 hobgoblins
  2 jackals (D:4)
  5 quokkas
  5 bats
  8 frilled lizards
  4 goblin skeletons (Ossuary)
  11 kobolds
  3 kobold skeletons (Ossuary)
  An orc skeleton (Ossuary)
  7 rats
  11 rat skeletons (Ossuary)
157 creatures vanquished.

Notes
Turn   | Place    | Note
-------+----------+-------------------------------------------
     0 | D:1      | DocClef the Gnoll Fighter began the quest for the Orb.
     0 | D:1      | Reached XP level 1. HP: 23/23 MP: 1/1
   342 | D:1      | Found Nahec's Antique Armour Boutique.
   388 | D:1      | Reached XP level 2. HP: 29/29 MP: 2/2
   853 | D:1      | Reached XP level 3. HP: 33/35 MP: 3/3
  1253 | D:2      | Noticed Jessica
  1292 | D:2      | Reached skill level 1 in Invocations
  1629 | D:2      | Reached skill level 1 in Short Blades
  1629 | D:2      | Reached skill level 1 in Long Blades
  1629 | D:2      | Reached skill level 1 in Axes
  1629 | D:2      | Reached skill level 1 in Polearms
  1629 | D:2      | Reached skill level 1 in Staves
  1629 | D:2      | Reached skill level 1 in Slings
  1629 | D:2      | Reached skill level 1 in Bows
  1629 | D:2      | Reached skill level 1 in Crossbows
  1629 | D:2      | Reached skill level 1 in Throwing
  1629 | D:2      | Reached skill level 1 in Dodging
  1629 | D:2      | Reached skill level 1 in Stealth
  1629 | D:2      | Reached skill level 1 in Unarmed Combat
  1629 | D:2      | Reached skill level 1 in Spellcasting
  1629 | D:2      | Reached skill level 1 in Evocations
  1629 | D:2      | Reached XP level 4. HP: 36/41 MP: 5/5
  2278 | D:2      | Killed Jessica
  2279 | D:2      | Reached skill level 1 in Conjurations
  2279 | D:2      | Reached skill level 1 in Hexes
  2279 | D:2      | Reached skill level 1 in Summonings
  2279 | D:2      | Reached skill level 1 in Necromancy
  2279 | D:2      | Reached skill level 1 in Translocations
  2279 | D:2      | Reached skill level 1 in Transmutations
  2279 | D:2      | Reached skill level 1 in Fire Magic
  2279 | D:2      | Reached skill level 1 in Ice Magic
  2279 | D:2      | Reached skill level 1 in Air Magic
  2279 | D:2      | Reached skill level 1 in Earth Magic
  2279 | D:2      | Reached skill level 1 in Poison Magic
  2454 | D:3      | Reached XP level 5. HP: 47/47 MP: 6/6
  3210 | D:3      | Noticed Sigmund
  3220 | D:3      | Killed Sigmund
  3221 | D:3      | Reached skill level 5 in Maces & Flails
  3221 | D:3      | Reached XP level 6. HP: 53/53 MP: 7/9
  3637 | D:4      | Reached XP level 7. HP: 54/59 MP: 10/10
  3738 | D:4      | Noticed Grinder
  3740 | D:4      | Paralysed by Grinder for 5 turns
  3766 | D:4      | Paralysed by Grinder for 2 turns
  3775 | D:4      | Paralysed by Grinder for 3 turns
  3779 | D:4      | Killed Grinder
  4408 | D:4      | Found a runed translucent door.
  4412 | D:4      | Noticed xian's ghost (amateur DsFi)
  4452 | D:5      | Entered Level 5 of the Dungeon
  4489 | D:4      | Reached XP level 8. HP: 24/67 MP: 12/12
  4527 | D:5      | Found a sand-covered staircase.
  4532 | Ossuary  | Entered an ossuary
  5115 | Ossuary  | Identified a scroll of acquirement
  5115 | Ossuary  | Acquired the +2 buckler of Rakuq {rC++ Int+5 Dex-4}
  6248 | D:5      | Noticed Eustachio
  6256 | D:5      | Killed Eustachio
  6611 | D:5      | Found a staircase to the Ecumenical Temple.
  6621 | Temple   | Entered the Ecumenical Temple
  6718 | Temple   | Became a worshipper of Warmaster Okawaru
  6951 | D:5      | Reached XP level 9. HP: 63/72 MP: 14/14
  7479 | D:4      | HP: 3/73 [poisoned by a killer bee]
  7508 | D:4      | HP: 2/73 [killer bee (4)]
  7513 | D:4      | Reached * piety under Okawaru
  7519 | D:4      | Slain by a killer bee

Illustrated notes

Levels and vault maps discovered:
D:1:      saegor_arrival_simple_c, layout_loops_corners, serial_shops, shop
D:2:      cheibrodos_pilgrimage, layout_basic, uniq_jessica
D:3:      layout_rooms, serial_curves, eino_curves_03, eino_curves_04,
          minmay_vboxes, uniq_sigmund
D:4:      layout_rooms, ebering_ghost_reflecting_pool, uniq_grinder
D:5:      layout_cave_pods, temple_hall, nicolae_ossuary_entry_false_entrances,
          hangedman_abyss_or_decor_stabs, uniq_eustachio
D:6:      layout_cave_pools
Temple:   minmay_temple_bridge_d

Skill      XL: |  1  2  3  4  5  6  7  8  9 |
---------------+----------------------------+-----
Invocations    | 1 2 3 4 |  4.5
Short Blades   | 1 2 3 4 |  4.1
Long Blades    | 1 2 3 4 |  4.1
Axes           | 1 2 3 4 |  4.1
Polearms       | 1 2 3 4 |  4.1
Staves         | 1 2 3 4 |  4.1
Slings         | 1 2 3 4 |  4.1
Bows           | 1 2 3 4 |  4.1
Crossbows      | 1 2 3 4 |  4.1
Throwing       | 1 2 3 4 |  4.1
Dodging        | 1 2 3 4 |  4.1
Stealth        | 1 2 3 4 |  4.1
Unarmed Combat | 1 2 3 4 |  4.1
Spellcasting   | 1 2 3 4 |  4.1
Evocations     | 1 2 3 4 |  4.1
Conjurations   | 1 2 3 |  3.3
Hexes          | 1 2 3 |  3.3
Summonings     | 1 2 3 |  3.3
Necromancy     | 1 2 3 |  3.3
Translocations | 1 2 3 |  3.3
Transmutations | 1 2 3 |  3.3
Fire Magic     | 1 2 3 |  3.3
Ice Magic      | 1 2 3 |  3.3
Air Magic      | 1 2 3 |  3.3
Earth Magic    | 1 2 3 |  3.3
Poison Magic   | 1 2 3 |  3.3
Maces & Flails | 5 6 |  6.2
Fighting       | 7 |  7.8
Armour         | 7 |  7.8
Shields        | 7 |  7.8

Action                   |  1- 3 |  4- 6 |  7- 9 || total
-------------------------+-------+-------+-------++-------
Melee: Flail             |    87 |   171 |   408 ||   666
       Bite              |     4 |    12 |    54 ||    70
  Use: Scroll            |     1 |     6 |    10 ||    17
       Potion            |       |     1 |    18 ||    19
Armor: Scale mail        |    37 |    96 |   207 ||   340
       Skin              |       |       |    28 ||    28
Dodge: Dodged            |    46 |    89 |   218 ||   353
Block: Buckler           |    11 |    49 |   130 ||   190

Table legend: (Time is in decaauts)
 A = Elapsed time spent in this place.
 B = Non-inter-level travel time spent in this place.
 C = Inter-level travel time spent in this place.
 D = Time resting spent in this place.
 E = Time spent auto-exploring this place.
 F = Levels seen in this place.
 G = Mean time per level.
                   A        B        C        D        E       F      G
               +--------+--------+--------+--------+--------+-----+--------+
         Total |   7630 |   7376 |    254 |    750 |   5148 |   8 |  953.8 |
       Dungeon |   6505 |   6344 |    161 |    750 |   4377 |   6 | 1084.2 |
        Temple |    170 |     77 |     93 |      0 |     60 |   1 |  170.0 |
       Ossuary |    954 |    954 |      0 |      0 |    711 |   1 |  954.0 |
               +--------+--------+--------+--------+--------+-----+--------+

Top non-repeatable levels by time:
     D:5: 1524 daAuts
     D:1: 1222 daAuts
     D:2: 1207 daAuts
     D:3: 1107 daAuts
     D:4: 1067 daAuts
 Ossuary: 954 daAuts
     D:6: 376 daAuts
  Temple: 170 daAuts
